 Dungeon Crawl Stone Soup version 0.30-b1-2-g02819fbbbe (webtiles) character file.

Game seed: 17104023293335965387

597 nightchill the Cudgeller (level 7, 0/38 HPs)
             Began as a Vine Stalker Fighter on Jan 5, 2024.
             Was a Believer of Lugonu.
             Slain by a lemure (7 damage)
             ... led by Pikel
             ... on level 4 of the Dungeon.
             The game lasted 00:09:11 (3838 turns).

nightchill the Cudgeller (Vine Stalker Fighter)     Turns: 3838, Time: 00:09:12

Health: 0/38       AC:  8    Str: 21    XL:     7   Next: 40%
Magic:  0/8        EV:  9    Int:  8    God:    Lugonu [**....]
Gold:   214        SH:  4    Dex: 13    Spells: 6/6 levels left

rFire   . . .        k - +1 whip (vamp)
rCold   + . .        c - +0 buckler
rNeg    . . .        t - +1 scale mail {rC+}
rPois   .            (no helmet)
rElec   .            (no cloak)
rCorr   .            e - +0 pair of gloves
SInv    .            (no boots)
Will    .....        (no amulet) Stlth
                     (no ring)
HPRegen 1.06/turn    (no ring)
MPRegen 0.11/turn

%: guardian spirit
@: mighty
A: fangs 2, regeneration 1, magic shield, antimagic bite, no potion heal 2
a: Renounce Religion, Depart the Abyss, Banish


You were on level 4 of the Dungeon.
You worshipped Lugonu.
Lugonu was pleased with you.
You visited 1 branch of the dungeon, and saw 5 of its levels.
You visited the Abyss 1 time.

You collected 214 gold pieces.

Inventory:

Hand Weapons
 a - a +0 rapier
 k - a +1 vampiric whip (weapon)
Missiles
 l - a throwing net (quivered)
Armour
 b - a +0 scale mail
 c - a +0 buckler (worn)
 e - a +0 pair of gloves (worn)
 t - a +1 scale mail of cold resistance (worn)
Wands
 o - a wand of polymorph (11)
 v - a wand of iceblast (5)
Scrolls
 g - 3 scrolls of teleportation {unknown}
 h - a scroll of immolation {unknown}
 i - a scroll of enchant weapon {unknown}
 m - a scroll of enchant armour {unknown}
 r - 3 scrolls of identify {unknown}
 u - 2 scrolls of fear {unknown}
 w - 3 scrolls of amnesia {unknown}
 y - a scroll of blinking {unknown}
 z - a scroll of magic mapping {unknown}
Potions
 f - 2 potions of lignification {unknown}
 j - a potion of curing {unknown}
 n - 2 potions of berserk rage {unknown}
 p - a potion of brilliance {unknown}
 q - 2 potions of ambrosia {unknown}
 s - 2 potions of degeneration {unknown}
 x - a potion of heal wounds {unknown}
 A - a potion of magic {unknown}


   Skills:
 + Level 4.8 Fighting
 - Level 2.7 Short Blades
 * Level 5.2 Maces & Flails
 - Level 2.4 Armour
 - Level 2.6 Shields


You had 6 spell levels left.
You didn't know any spells.
Your spell library contained the following spells:

 Spells                   Type           Power      Damage    Failure   Level
 Apportation              Tloc           0%         N/A       83%         1
 Magic Dart               Conj           0%         1d3       83%         1
 Necrotise                Necr           0%         1d4       83%         1
 Summon Small Mammal      Summ           0%         N/A       83%         1
 Call Imp                 Summ           0%         N/A       92%         2
 Sublimation of Blood     Necr           0%         N/A       92%         2
 Wereblood                Tmut           0%         N/A       92%         2
 Mephitic Cloud           Conj/Pois/Air  0%         N/A       99%         3
 Summon Hydra             Summ           0%         N/A       100%        7


Dungeon Overview and Level Annotations

Branches:
Dungeon (5/15)
 Temple: D:4-7

Altars:
Fedhas
Hepliaklqana
Zin

Shops:
D:2 [   D:4 **!:

Annotations:
D:4 Pikel


Innate Abilities, Weirdness & Mutations

You have extremely sharp teeth.
Your natural rate of healing is unusually fast.
When hurt, damage is shared between your health and your magic reserves.
Your bite disrupts and absorbs the magic of your enemies.
Potions cannot restore your health.


Message History

The gnoll closely misses you. The lemure hits you but does no damage.
You climb upwards.
There is a stone staircase leading down here.
You closely miss the orc. You block the lemure's attack.
The orc completely misses you. The lemure barely misses you.
Pikel closely misses you. You block the orc's attack.
You hit the orc.
You feel better.
The orc is almost dead.
You closely miss the orc. You bite the orc.
You kill the orc!
Lugonu accepts your kill. The lemure hits you but does no damage.
The orc barely misses you.
Pikel hits you with a +2 whip of flaming.
Pikel burns you. The lemure hits you but does no damage.
You hit the orc.
The orc is heavily wounded.
You block the lemure's attack. The orc hits you but does no damage. x2
Pikel hits you with a +2 whip of flaming.
* * * LOW HITPOINT WARNING * * *
Pikel burns you.
* * * LOW HITPOINT WARNING * * *
The lemure barely misses you.
You hit the orc.
You feel better.
Your bite misses the orc.
The orc is almost dead.
The lemure hits you.
* * * LOW HITPOINT WARNING * * *
The orc hits you with a +0 whip.
* * * LOW HITPOINT WARNING * * *
The orc hits you with a +0 flail.
* * * LOW HITPOINT WARNING * * *
Pikel hits you but does no damage. The lemure closely misses you.
You barely miss the orc. You bite the orc, but do no damage.
The orc is almost dead.
The lemure hits you.
* * * LOW HITPOINT WARNING * * *
The orc hits you but does no damage. The orc closely misses you.
Pikel hits you but does no damage. The lemure hits you but does no damage.
You feel very mighty all of a sudden. The lemure hits you!
You die...

......#.......###...##.# #..##
...#####............##.# #..##
....................##.# #..##
...<.................#.# #..##
#.######.............#.# #...#
.....[.#.............#.#######..#
..####.#.........###............#
..# #.#.......55# ###'#........#
.#####.#.......o@# #....#....###
.......#.......Ko# #....+....#..
....#..#.........# #....#.####.#
....#..#.........# #....'....#..
#...'............# #....#.##.###
#...####.........# #._..#.#.....
#...# ######.#### #....#.#..###
#'#### #.# #....#.#..... '∩'..##
#.# ######.##.###


You could see Pikel, 2 lemures and 2 orcs.

Vanquished Creatures
  A phantom (D:4)
  2 scorpions
  A howler monkey (D:4)
  A hound (D:4)
  Jessica (D:2)
  3 iguanas (D:4)
  6 adders
  5 gnolls (D:4)
  5 worms
  5 dart slugs
  8 orcs
  9 bats
  4 endoplasms
  3 giant cockroaches
  11 goblins
  13 hobgoblins
  4 jackals (D:2)
  4 quokkas
  5 ball pythons
  2 frilled lizards (D:3)
  10 kobolds
  6 rats
109 creatures vanquished.

Vanquished Creatures (others)
  4 plants (D:3)
4 creatures vanquished.

Grand Total: 113 creatures vanquished

Notes
Turn   | Place    | Note
-------+----------+-------------------------------------------
     0 | D:1      | nightchill the Vine Stalker Fighter began the quest for the
                  | Orb.
     0 | D:1      | Reached XP level 1. HP: 11/11 MP: 2/2
   113 | D:1      | Reached XP level 2. HP: 16/16 MP: 3/3
   122 | D:1      | Found a faded altar of an unknown god.
   330 | D:1      | Reached XP level 3. HP: 17/20 MP: 4/4
   616 | D:1      | Prayed at the altar of an unknown god.
   616 | D:1      | Became a worshipper of Fedhas Madash
   616 | D:1      | Reached * piety under Fedhas
   730 | D:2      | Reached skill level 1 in Maces & Flails
   774 | D:2      | Gained mutation: Your natural rate of healing is unusually
                  | fast. [Vine Stalker growth]
   774 | D:2      | Reached XP level 4. HP: 22/24 MP: 3/5
   994 | D:2      | Noticed Jessica
  1008 | D:2      | Found Atin's Armour Emporium.
  1017 | D:2      | Killed Jessica
  1018 | D:2      | Reached skill level 2 in Maces & Flails
  1305 | D:2      | Reached XP level 5. HP: 28/28 MP: 6/6
  1310 | D:2      | Reached ** piety under Fedhas
  1792 | D:3      | Found a glowing silver altar of Zin.
  1951 | D:4      | Reached skill level 3 in Maces & Flails
  2008 | D:4      | Found a hazy altar of Hepliaklqana.
  2058 | D:4      | Reached XP level 6. HP: 26/33 MP: 4/7
  2090 | D:4      | Found Eqixtos's Assorted Antiques.
  2146 | D:3      | Reached skill level 4 in Maces & Flails
  2330 | Abyss:1  | Cast into level 1 of the Abyss (kobold)
  2335 | Abyss:1  | Noticed a neqoxec
  2355 | Abyss:1  | Found a corrupted altar of Lugonu.
  2364 | Abyss:1  | Fell from the grace of Fedhas
  2364 | Abyss:1  | Became a worshipper of Lugonu the Unformed
  2364 | Abyss:1  | Reached * piety under Lugonu
  2364 | Abyss:1  | Reached ** piety under Lugonu
  2365 | D:3      | Escaped the Abyss
  2747 | D:3      | Banished an oklob plant
  2747 | D:3      | Banished a wandering mushroom
  3179 | D:4      | Found Jorisi's Book Shop.
  3344 | D:4      | Found Xaeroc's General Store.
  3393 | D:4      | Reached XP level 7. HP: 16/38 MP: 8/8
  3557 | D:4      | Reached skill level 5 in Maces & Flails
  3703 | D:4      | Found Unydghawk's Distillery.
  3810 | D:5      | Entered Level 5 of the Dungeon
  3812 | D:5      | Noticed Pikel
  3827 | D:4      | Banished a wandering mushroom
  3827 | D:4      | Banished a wandering mushroom
  3827 | D:4      | Banished an oklob plant
  3827 | D:4      | Banished an oklob plant
  3827 | D:4      | Banished a wandering mushroom
  3838 | D:4      | Slain by a lemure

Illustrated notes

Levels and vault maps discovered:
D:1:      lightli_arrival_chessboard, layout_basic,
          ebering_ecumenical_altar_rust, minmay_misc_feat_tower
D:2:      layout_basic, serial_shops, nicolae_square_shop, uniq_jessica
D:3:      corexii_shack_village, layout_basic, lemuel_doored_altar,
          minmay_unequal
D:4:      layout_basic, overflow_temple_1_default, serial_shops, shop,
          nicolae_shop_behind_doors, kennysheep_mini_moat, shop
D:5:      layout_cave_pools, mainiacjoe_overflow_alcove_4, serial_gnoll_camp,
          gnoll_camp_mini_hut, gnoll_camp_mini_hut, gnoll_camp_mini_hut,
          gnoll_camp_mini_doghouse, gnoll_camp_mini_doghouse,
          gnoll_camp_medium_02, minmay_quadrilaterals, uniq_edmund,
          uniq_prince_ribbit1, uniq_pikel

Skill      XL: |  1  2  3  4  5  6  7 |
---------------+----------------------+-----
Short Blades   | 2 |  2.7
Fighting       | 3 4 |  4.8
Maces & Flails | 1 2 3 4 5 |  5.2
Armour         | |  2.4
Shields        | |  2.6

Action                     |  1- 3 |  4- 6 |  7- 9 || total
---------------------------+-------+-------+-------++-------
  Melee: Rapier            |    46 |       |       ||    46
         Bite              |    18 |    82 |    18 ||   118
         Whip              |    39 |   291 |    48 ||   378
 Invoke: Depart the Abyss  |       |     1 |       ||     1
    Use: Potion            |       |       |     1 ||     1
 Armour: Scale mail        |    41 |   124 |    19 ||   184
  Dodge: Dodged            |    39 |   114 |    30 ||   183
  Block: Buckler           |    11 |    41 |    14 ||    66
